Cogmind - Beta 15 @@@ ROGUE MODE // 2025.08.13 @ 17:33:46 Player: TapeIsSticky Result: Self-destructed Performance ------------- Evolutions (1) 500 Regions Visited (5) 1000 Robots Destroyed (72) 360 Value Destroyed (1471) 1471 Prototype IDs (27) 540 Alien Tech Used (0) 0 Bonus (300) 300 TOTAL SCORE: 4171 Bonus ------- Aligned with FarCom 300 Cogmind --------- Core Integrity 12/400 Matter 133/300 Energy 280/280 System Corruption 0% Temperature Cool (0) Movement Treading (152) Location -9/Exiles Parts ------- > --- POWER (1) -------- Heavy Ion Engine > --- PROPULSION (3) --- Light Treads Advanced Treads > --- UTILITY (2) ------ Salvage Targeting Computer > --- WEAPON (3) ------- Autogun > --- INVENTORY (5) ---- Heavy Ion Engine Peak State ------------ > --- POWER ------------ Heavy Ion Engine > --- PROPULSION ------- Advanced Treads Advanced Treads Advanced Treads > --- UTILITY ---------- Cooling System High-capacity Storage Unit > --- WEAPON ----------- Improved EM Shotgun Improved EM Shotgun Makeshift Shrapnel Gun > --- INVENTORY -------- Light Ion Engine Heavy Ion Engine Light Treads Light Treads Light Treads Light Treads Improved Treads Advanced Treads Compact Matter Pod Compact Matter Pod Seismic Detector Hardened Light Armor Plating Hardened Light Armor Plating Hardened Light Armor Plating Heavy Assault Rifle Autogun Improved Assault Rifle Improved Assault Rifle Rocket Launcher Mini Grenade Launcher [Rating: 29] Favorites ----------- Power Light Ion Engine Engine Light Ion Engine Propulsion Light Treads Treads Light Treads Leg Aluminum Leg Wheel Wheel Utility High-capacity Storage Unit Device Heat Sink Storage High-capacity Storage Unit Processor Salvage Targeting Computer Protection Light Armor Plating Weapon Light Assault Rifle Energy Gun Improved EM Shotgun Ballistic Gun Light Assault Rifle Launcher Grenade Launcher Build | -11 -10 -10 -9 -9 -9 ------- Run | Yrd Mat Min Mat Min Exi Slots Evolved 2 | . . . 2 . . Power . | . . . . . . Propulsion 1 | . . . 1 . . Utility . | . . . . . . Weapon 1 | . . . 1 . . Parts Attached 53 | 8 13 4 16 2 10 Power 4 | 1 1 1 1 . . Engine 4 | 1 1 1 1 . . Core . | . . . . . . Reactor . | . . . . . . Propulsion 14 | 2 3 . 6 . 3 Treads 12 | 2 2 . 5 . 3 Leg 1 | . . . 1 . . Wheel 1 | . 1 . . . . Hover . | . . . . . . Flight . | . . . . . . Utility 14 | 2 6 1 2 1 2 Device 6 | 1 3 . 2 . . Storage 3 | 1 2 . . . . Processor 1 | . . . . . 1 Hackware . | . . . . . . Protection 4 | . 1 1 . 1 1 Artifact . | . . . . . . Weapon 21 | 3 3 2 7 1 5 Energy Gun 6 | 2 . 1 3 . . Energy Cannon . | . . . . . . Ballistic Gun 12 | 1 2 1 3 1 4 Ballistic Cannon . | . . . . . . Launcher 3 | . 1 . 1 . 1 Special Weapon . | . . . . . . Impact Weapon . | . . . . . . Slashing Weapon . | . . . . . . Piercing Weapon . | . . . . . . Special Melee Weapon . | . . . . . . Unidentified Prototypes 4 | . . . 4 . . Parts Lost 18 | . 4 3 3 . 8 Power 1 | . . . 1 . . Propulsion 6 | . 2 1 1 . 2 Utility 4 | . 1 1 . . 2 Weapon 7 | . 1 1 1 . 4 Highest Loss Streak 4 | . 2 2 1 . 4 To Critical Strikes 6 | . . . . . 6 Average Backups 13 | 2 12 15 15 20 10 Power 2 | . 1 2 2 2 1 Propulsion 1 | . 1 . 1 5 2 Utility 5 | . 6 9 5 6 3 Weapon 3 | . 2 3 5 6 3 Tool/Special . | . . . . . . Unused Backups 15 | . . . 4 2 9 Power 6 | . . . 1 . 5 Propulsion 2 | . . . . . 2 Utility 7 | . . . 3 2 2 Weapon . | . . . . . . Tool/Special . | . . . . . . Average Slot Usage (%) 97 | . 99 100 91 100 91 Engine 12 | . 14 14 8 11 11 Treads 27 | . 27 23 24 33 32 Wheel 1 | . . 4 2 . . Device 8 | . 9 8 11 11 1 Storage 11 | . 14 14 11 11 5 Processor 1 | . . . . . 9 Protection 3 | . 4 5 . . 4 Energy Gun 8 | . 1 7 16 22 9 Ballistic Gun 17 | . 26 16 15 11 8 Launcher 2 | . . 4 . . 7 Peak Build Rating 29 | 7 8 13 27 29 29 Average Rating 14 | 5 7 10 18 28 23 On Entrance 13 | . 7 8 10 27 28 Naked Turns . | . . . . . . Heaviest Build 60 | 13 50 52 60 59 57 Greatest Support 67 | 40 40 40 66 66 67 Greatest Overweight (x) 5 | . 4 5 5 . . Average Overweight (x) 1 | . . 2 1 . . Largest Inventory Capacity 20 | 8 20 20 20 20 20 Average Capacity 17 | 7 18 20 20 20 12 Most Carried 20 | 4 15 19 20 20 20 Average Carried 13 | 2 12 15 15 19 10 Final Capacity 20 | 8 20 20 20 20 5 Final Carried 20 | 4 13 19 20 20 1 Class Distribution -------------------- 64% | Mutant 27% | Gunner 5% | Scavenger-Gunner Dominant Class ---------------- Mutant | -10/Materials Mutant | -10/Mines Gunner | -9/Materials Gunner | -9/Mines Gunner | -9/Exiles Resources | -11 -10 -10 -9 -9 -9 ----------- Run | Yrd Mat Min Mat Min Exi Matter Collected 1905 | 316 653 151 320 72 393 Remotely . | . . . . . . Salvage Created 2317 | 168 748 182 829 276 114 Parts 135 | 20 45 11 42 17 . Haulers Intercepted 6 | . 2 . 4 . . Recyclers Shooed 2 | 1 1 . . . . Parts Field Recycled . | . . . . . . Retrieved Matter . | . . . . . . Parts Self-Destructed . | . . . . . . Prevented . | . . . . . . Kills | -11 -10 -10 -9 -9 -9 ------- Run | Yrd Mat Min Mat Min Exi Combat Hostiles Destroyed 45 | . 16 5 12 8 4 Guns 33 | . 14 2 11 6 . AOE 12 | . 2 3 1 2 4 Classes Destroyed 13 | 2 5 1 2 1 2 Worker 5 | . 1 . 4 . . Builder 2 | . . . 2 . . Tunneler 8 | 7 . 1 . . . Hauler 6 | . 2 . 4 . . Recycler 4 | 1 . 1 2 . . Turret 2 | . . . . . 2 Watcher 6 | . 3 . 3 . . Swarmer 13 | . . 3 7 3 . Grunt 22 | . 14 2 3 3 . Brawler 2 | . . . . 2 . Sentry 2 | . . . 2 . . Subdweller 2 | . 2 . . . . Assembled 4 | . . . . . 4 Best Kill Streak 7 | 4 5 3 7 3 4 Combat Bots Only 5 | . 5 3 4 3 4 Max Kills in Single Turn 3 | 1 1 2 2 2 3 Gunslinging 1 | . . 1 1 . . Exploded 3 | . 1 2 1 2 3 Melee . | . . . . . . Uniques/NPCs Destroyed . | . . . . . . Combat | -11 -10 -10 -9 -9 -9 -------- Run | Yrd Mat Min Mat Min Exi Hostile Shots Fired 242 | . 81 23 34 21 83 Missed 55 | . 24 4 5 4 18 Hits 187 | . 57 19 29 17 65 Melee 2 | . . . . 2 . Projectile 185 | . 57 19 29 15 65 Critical Strikes 41 | . 3 . . 1 37 Damage Taken 3206 | . 886 301 607 241 1171 Core 569 | . 117 64 209 . 179 Absorbed by Shields . | . . . . . . Regen/Repaired (Parts) 136 | . 136 . . . . Core Remaining (%) 63 | 100 . 27 . . . Volleys Fired 229 | 12 79 11 33 10 84 Largest 3 | 2 2 2 3 3 3 Hottest 151 | 70 70 95 151 114 90 Shots Fired 460 | 24 155 20 99 30 132 Gun 448 | 24 150 17 99 30 128 Cannon . | . . . . . . Launcher 12 | . 5 3 . . 4 Special . | . . . . . . Kinetic 335 | 12 132 13 48 10 120 Thermal 45 | 12 12 4 17 . . Explosive 12 | . 5 3 . . 4 Electromagnetic 68 | . 6 . 34 20 8 Robot Hit Streak 17 | 5 14 7 17 11 14 Robot Miss Streak 4 | 1 3 1 4 3 3 Penetration Max . | . . . . . . Secondary Targets 9 | . 2 1 4 2 . Max Gunslinging Chain 2 | . 1 1 2 1 . Shots Hit Robots 300 | 15 98 15 58 20 94 Core Hits 136 | 9 45 10 34 14 24 Critical Kills 1 | . 1 . . . . Critical Parts Destroyed 2 | . 1 . . . 1 Critical Strikes 6 | 2 2 . 1 . 1 Burn 3 | 2 . . 1 . . Destroy 3 | . 2 . . . 1 Melee Attacks . | . . . . . . Impact . | . . . . . . Slashing . | . . . . . . Piercing . | . . . . . . Sneak Attacks . | . . . . . . Combat Hostiles . | . . . . . . Follow-up Attacks . | . . . . . . Damage Inflicted 5168 | 185 1299 344 1397 540 1403 Guns 3873 | 185 1054 169 891 325 1249 Cannons . | . . . . . . Explosions 1245 | . 220 161 495 215 154 Melee . | . . . . . . Ramming 50 | . 25 14 11 . . Kinetic 2532 | 59 898 105 212 105 1153 Thermal 1414 | 126 269 64 740 215 . Explosive 382 | . 67 161 . . 154 Electromagnetic 790 | . 40 . 434 220 96 Impact . | . . . . . . Slashing . | . . . . . . Piercing . | . . . . . . Highest Corruption 2 | . 2 2 . . . Average Corruption 1 | . 1 2 . . . Corruption Purged . | . . . . . . Corruption Blocked . | . . . . . . Effects 49 | . 26 23 . . . Message Errors 10 | . 6 4 . . . Matter Fused 12 | . 6 6 . . . Heat Flow Errors 7 | . 4 3 . . . Energy Discharges 5 | . 3 2 . . . Data Loss (minor) 11 | . 5 6 . . . Data Loss (major) 1 | . 1 . . . . Misfires 2 | . 1 1 . . . Alerts 1 | . . 1 . . . Overload Shots . | . . . . . . Overflow Damage 69 | . . 4 45 . 20 Projectiles . | . . . . . . Explosions 69 | . . 4 45 . 20 Melee . | . . . . . . Knockbacks . | . . . . . . Impact . | . . . . . . Kinetic . | . . . . . . Secondary . | . . . . . . Self-Inflicted Damage 513 | . 92 47 293 48 33 Shots 11 | . 2 2 4 1 2 Rammed 9 | . 5 4 . . . Targets Rammed 12 | . 5 5 2 . . Kicked . | . . . . . . Crushed 3 | . . 1 2 . . Highest Temperature 305 | 72 305 203 156 10 133 Average Temperature 73 | 31 119 74 38 5 55 Received Heat Transfer 647 | . 396 111 60 60 20 Effects 1 | . 1 . . . . Energy Bleed 1 | . 1 . . . . Siege Activations . | . . . . . . Martial Activations . | . . . . . . Shielding Activations . | . . . . . . Robots Disrupted . | . . . . . . Combat Hostiles . | . . . . . . Robots Corrupted 1 | . . . . . 1 Combat Hostiles . | . . . . . . Parts Fried 2 | . . . 1 1 . Impact Corruptions . | . . . . . . Robots Melted . | . . . . . . Combat Hostiles . | . . . . . . Parts Melted 1 | 1 . . . . . Heat Transferred 2193 | 518 483 111 831 250 . Parts Sabotaged . | . . . . . . Parts Stolen . | . . . . . . Parts Stripped . | . . . . . . Power Chain Reactions 9 | . 1 . 5 3 . Alert | -11 -10 -10 -9 -9 -9 ------- Run | Yrd Mat Min Mat Min Exi Maximum Alert Level 1 | . . . 1 . . Low Security (%) 99 | 100 100 100 95 100 . Level 1 . | . . . 4 . . Level 2 . | . . . . . . Level 3 . | . . . . . . Level 4 . | . . . . . . Level 5 . | . . . . . . High Security . | . . . . . . Max Security . | . . . . . . Peak Influence 212 | 20 98 109 212 133 . Initial 50 | . 6 8 1 50 . Average 45 | 3 37 18 95 61 . Influence Increases 1440 | 40 501 178 494 227 . Destroy 0b10 Robot/C 780 | . 280 100 240 160 . Destroy 0b10 Robot/NC 155 | 40 30 10 75 . . Destroy Leader 194 | . 80 20 64 30 . Successful Hack 50 | . 38 . 12 . . Disable Machine 105 | . 30 30 45 . . Destroy Structure 96 | . 28 18 43 7 . Lose Combat Pursuer 60 | . 15 . 15 30 . Influence Decreases 1440 | 30 489 195 369 357 . Entered New Map 102 | . 4 14 4 80 . Time Decay 1278 | 30 445 181 345 277 . Lost Part 60 | . 40 . 20 . . Squads Dispatched 3 | . 3 . . . . Investigation 1 | . 1 . . . . Extermination . | . . . . . . Reinforcement 2 | . 2 . . . . Assault . | . . . . . . Garrison . | . . . . . . Intercept . | . . . . . . Searches Triggered . | . . . . . . Construction Impeded . | . . . . . . Haulers Reinforced . | . . . . . . Active Scanning Responses . | . . . . . . Cargo Convoy Interrupts . | . . . . . . Stealth | -11 -10 -10 -9 -9 -9 --------- Run | Yrd Mat Min Mat Min Exi Distress Signals 2 | . 1 . 1 . . Communications Jammed . | . . . . . . Distress Signals . | . . . . . . Times Spotted 65 | . 28 5 16 10 6 Peak Tracking Total 9 | . 4 3 4 4 9 Tactical Retreats 4 | . 2 . 1 1 . Traps | -11 -10 -10 -9 -9 -9 ------- Run | Yrd Mat Min Mat Min Exi Traps Triggered 3 | . 3 . . . . Indirectly . | . . . . . . Trap Hack Attempts . | . . . . . . Triggered . | . . . . . . Disarmed . | . . . . . . Reprogrammed . | . . . . . . Reused . | . . . . . . Traps Extracted . | . . . . . . Installed . | . . . . . . Triggered . | . . . . . . Machines | -11 -10 -10 -9 -9 -9 ---------- Run | Yrd Mat Min Mat Min Exi Machines Disabled 11 | . 2 2 3 . 4 Max in Single Turn 2 | . 1 2 2 . 1 Machines Repaired . | . . . . . . Machines Dismantled . | . . . . . . Machines Sabotaged . | . . . . . . Overloaded Fab Kills . | . . . . . . Hacking | -11 -10 -10 -9 -9 -9 --------- Run | Yrd Mat Min Mat Min Exi Machines Accessed 16 | . 8 . 6 . 2 Terminals 12 | . 7 . 5 . . Fabricators . | . . . . . . Repair Stations 2 | . 1 . 1 . . Recycling Units . | . . . . . . Scanalyzers . | . . . . . . Garrison Access . | . . . . . . Total Hacks 38 | . 25 . 11 . 2 Successful 24 | . 16 . 6 . 2 Failed 14 | . 9 . 5 . . Catastrophic 2 | . 2 . . . . Database Lockouts . | . . . . . . Manual 31 | . 23 . 7 . 1 Terminals 31 | . 22 . 9 . . Fabricators . | . . . . . . Repair Stations 5 | . 3 . 2 . . Recycling Units . | . . . . . . Scanalyzers . | . . . . . . Garrison Access . | . . . . . . Terminal Hacks 10 | . 8 . . . 2 Record 1 | . . . . . 1 Robot Analysis 8 | . 8 . . . . Proto ID Catalog 1 | . . . . . 1 Fabricator Hacks . | . . . . . . Repair Station Hacks 2 | . 2 . . . . Scan Component 1 | . 1 . . . . Repair 1 | . 1 . . . . Recycling Unit Hacks . | . . . . . . Scanalyzer . | . . . . . . Garrison Access Hacks . | . . . . . . Unauthorized Hacks 12 | . 6 . 6 . . Terminals 12 | . 6 . 6 . . Botnet 2 | . 1 . 1 . . Skim 10 | . 5 . 5 . . Fabricators . | . . . . . . Repair Stations . | . . . . . . Recycling Units . | . . . . . . Scanalyzers . | . . . . . . Garrison Access . | . . . . . . Data Cores Recovered . | . . . . . . Used . | . . . . . . Hacking Detections 13 | . 8 . 5 . . Full Trace Events 1 | . 1 . . . . Feedback Events . | . . . . . . Feedback Blocked . | . . . . . . Robot Schematics Acquired . | . . . . . . Robots Built . | . . . . . . Authchips . | . . . . . . Time . | . . . . . . Total Robot Build Rating . | . . . . . . Part Schematics Acquired . | . . . . . . Parts Built . | . . . . . . Authchips . | . . . . . . Time . | . . . . . . Total Part Build Rating . | . . . . . . Parts Repaired 1 | . 1 . . . . Time 26 | . 26 . . . . Parts Recycled . | . . . . . . Recycled Matter . | . . . . . . Retrieved Matter . | . . . . . . Retrieved Components . | . . . . . . Parts Scanalyzed . | . . . . . . Part Schematics Acquired . | . . . . . . Parts Damaged . | . . . . . . Bothacking | -11 -10 -10 -9 -9 -9 ------------ Run | Yrd Mat Min Mat Min Exi Used RIF Installer . | . . . . . . Robots Hacked . | . . . . . . Non-combat . | . . . . . . Combat . | . . . . . . Robot Hacks Applied . | . . . . . . Relay Couplers Released . | . . . . . . Fabnet Peak Effective % . | . . . . . . Robots Rewired . | . . . . . . Allies Hacked . | . . . . . . Hacks Repelled . | . . . . . . Allies | -11 -10 -10 -9 -9 -9 -------- Run | Yrd Mat Min Mat Min Exi Total Allies 2 | . . 2 . . . Largest Group 2 | . . 2 . . . Highest-Rated Group 42 | . . 42 . . . Highest-Rated Ally 31 | . . 31 . . . Total Orders . | . . . . . . Ally Attacks 3 | . . 3 . . . Total Damage 64 | . . 64 . . . Kills . | . . . . . . Allies Corrupted 1 | . . . . . 1 Allies Melted . | . . . . . . Turrets Deployed 3 | . . . . . 3 Intel | -11 -10 -10 -9 -9 -9 ------- Run | Yrd Mat Min Mat Min Exi Active Infowar (turns) 1845 | 16 1587 . . 75 167 Seismic 1845 | 16 1587 . . 75 167 Robot Analysis Total 8 | . 8 . . . . Derelict Logs Recovered 2 | . . 1 . 1 . Drone Launches . | . . . . . . Drone Recoveries . | . . . . . . Exploration | -11 -10 -10 -9 -9 -9 ------------- Run | Yrd Mat Min Mat Min Exi Turns Passed 7221 | 229 2351 1562 1182 659 1238 Spaces Moved 3234 | 68 843 700 535 419 669 Core 3 | 3 . . . . . Treads 2740 | 65 789 372 426 419 669 Legs . | . . . . . . Wheels 491 | . 54 328 109 . . Hover . | . . . . . . Flight . | . . . . . . Fastest Speed 50 | 50 140 140 140 145 145 Average Speed 179 | 155 212 199 177 145 145 Slowest Speed 240 | 160 240 240 240 145 150 Overloaded Moves . | . . . . . . Propulsion Burnouts . | . . . . . . Robots Hopped 2 | . . . . . 2 Potential Cave-ins . | . . . . . . Cave-ins Triggered . | . . . . . . Exploration Rate (%) 66 | 7 98 100 46 79 68 Regions Visited 5 Branch Regions 3 Pre-discovered Areas 3 | . . 1 1 . 1 Known Exits Taken . | . . . . . . Unknown Exits Taken 5 | 1 1 1 1 1 . Scrap Searched 4 | . . 1 . 3 . Spaces Dug . | . . . . . . Terrain Destroyed 135 | . 30 20 58 7 20 Melee . | . . . . . . Projectile . | . . . . . . AOE 135 | . 30 20 58 7 20 Terrain Rammed . | . . . . . . Walls Destroyed . | . . . . . . Machines Disabled . | . . . . . . Actions | -11 -10 -10 -9 -9 -9 --------- Run | Yrd Mat Min Mat Min Exi Total 4238 | 164 1247 841 702 451 833 Wait 574 | 73 291 109 70 7 24 Move 3225 | 67 842 699 534 418 665 Hop 2 | . . . . . 2 Pick Up 57 | 4 9 8 17 5 14 Fast Attach 20 | 7 3 . 7 1 2 Attach 20 | . 4 3 3 . 10 Detach 1 | . . . . . 1 Swap 39 | 1 14 6 13 3 2 Drop 59 | . . . 23 7 29 Fire 229 | 12 79 11 33 10 84 Melee . | . . . . . . Ram 4 | . 3 1 . . . Kick . | . . . . . . Crush 8 | . 2 4 2 . . Escape Stasis . | . . . . . . Rewire . | . . . . . . Trap . | . . . . . . Miscellaneous . | . . . . . . Route ------- -11/Scrapyard -10/Materials (discovered 6 exits: *Mat x3 / [*Min x2] / [*Sub]) -10/Mines (discovered 2 exits: *Mat x2) -9/Materials (discovered 4 exits: [*Mat] / [*Min x2] / [*Sto]) -9/Mines (discovered 3 exits: [*Mat x2] / *Exi) -9/Exiles History --------- Turn | Location | Event 14 | -11/Scrapyard | Discovered new exit (range 14) 230 | -11/Scrapyard | Entered Materials 311 | -10/Materials | Build established: Mutant 459 | -10/Materials | Discovered new exit (range 11) 955 | -10/Materials | Discovered new exit (range 13) 1229 | -10/Materials | Discovered new exit (range 8) 1445 | -10/Materials | Discovered new exit (range 12) 1536 | -10/Materials | Learned 4 Subcaves zone layouts 1553 | -10/Materials | Discovered new exit (range 12) 1630 | -10/Materials | Derelicts attacked the area 2118 | -10/Materials | Discovered new exit (range 12) 2168 | -10/Materials | Repaired Lgt. Treads 2581 | -10/Materials | Entered Mines 2601 | -10/Mines | Discovered new exit (range 5) 3208 | -10/Mines | Core integrity fell below 50% 3311 | -10/Mines | Learned location of Zion (-6) 3354 | -10/Mines | Received a Rocket Launcher from a helpful Derelict 3463 | -10/Mines | Discovered new exit (range 10) 4143 | -10/Mines | Entered Materials 4143 | -9/Materials | Evolved 2 slots: Propulsion x1, Weapon x1 4168 | -9/Materials | Discovered new exit (range 14) 4469 | -9/Materials | Discovered new exit (range 9) 4559 | -9/Materials | Build established: Scavenger-Gunner 4948 | -9/Materials | Build established: Gunner 4961 | -9/Materials | Discovered new exit (range 16) 5223 | -9/Materials | Core integrity fell below 50% 5298 | -9/Materials | Discovered new exit (range 7) 5325 | -9/Materials | Entered Mines 5359 | -9/Mines | A weapon hastily lodged in a ceiling crevice suddenly fell to the ground 5492 | -9/Mines | Discovered new exit (range 5) 5597 | -9/Mines | Discovered new exit (range 8) 5658 | -9/Mines | Learned location of 1 exit from Materials 5840 | -9/Mines | Deemed a non-threat by the Exiles lab entrance 5840 | -9/Mines | Discovered new exit (range 5) 5908 | -9/Mines | Assembled infested the area 5913 | -9/Mines | Assisted by a Guerilla fighting off Assembled 5984 | -9/Mines | Entered Exiles 6019 | -9/Exiles | Met 8R-AWN 6044 | -9/Exiles | Met EX-HEX 6085 | -9/Exiles | Met EX-BIN 6108 | -9/Exiles | Aligned with FarCom system 6109 | -9/Exiles | Given EX-Vault access code 6143 | -9/Exiles | Opened EX-Vault 6153 | -9/Exiles | DAS Turret deployed 6182 | -9/Exiles | DAS Turret deployed 6190 | -9/Exiles | DAS Turret deployed 6303 | -9/Exiles | Warned to stay clear of 0b10 Research branches 6346 | -9/Exiles | Met EX-DEC 6814 | -9/Exiles | Build established: Mutant 7013 | -9/Exiles | Attacked by the Exiles 7171 | -9/Exiles | Lost 4 parts (1u3w) 7211 | -9/Exiles | Core integrity fell below 20% 7222 | -9/Exiles | Self-destructed Last Messages --------------- 07184_ HV Slug penetrates Wall. 07184_ HV Slug penetrates Machine. 07184_ Penetrated by HV Slug. 07189_ The unstable cave ceiling collapses. 07189_ HV Slug penetrates Machine. 07189_ Penetrated by HV Slug. 07193_ HV Slug penetrates Wall. 07194_ Wall collapses. 07197_ Penetrated by HV Slug. 07197_ Critical hit (Destroy). 07197_ Imp. Assault Rifle destroyed. 07197_ Penetrated by HV Slug. 07201_ Critical hit (Destroy). 07201_ Adv. Treads destroyed. 07201_ HV Slug penetrates Wall. 07201_ HV Slug penetrates Earth. 07205_ Penetrated by HV Slug. 07205_ Critical hit (Destroy). 07205_ Imp. Treads destroyed. 07205_ Penetrated by HV Slug. Map ----- +----------------------------------------------------+ | ?????????????????????????????????????????????????? | | ?????????????????????????????????????????????????? | | ?????????????????????????????????????????????????? | | ?????????????????????????????????????????????????? | | ?????????????????????????????????????????????????? | | ?????????????????????????????????????????????????? | | ?????????????????????????????????????????????????? | | ?????????????????????????????????????????????????? | | ??????????? ???????????????????????????????????? | | ??????????? ??????????????????????????????????? | | ??????????# ?????????????#######?????????????? | | ??????????# ######???????#!!! "#?????????????? | | ??????????# #""##?????# !* "#?????????????? | | ???????????? #?????# ![["#?????????????? | | ????????????#" ##???## ![ #?????????????# | | ????????????"" #####" "#???????????? | | ??????????????# ##" ""#????????????" | | ???????????????# #" ###????????????" | | ??????????????????# # ##??????????"" | | ????????????????????## ##?????????"" | | ?????????????????????### #????????? | | ???????????????########" ##??????????" | | ???????????????# !!""""" g] #####??????# | | ???????????????#! % ##???### | | ???????????????#! === # ####X# | | ???????????????#! =!@#### | | ???????????????# !" " ;;;#??# | | ???????????????#########; ##??##"" | | ???????????????????????# ##??????### | | ???????????????????????# ??????????### | | ??????????????????????? #????????????## | | ??????????????????????? ??????????????## | | ??????????????????????# ???????????????##" | | ?????????????????????? #????????????????#""" | | ?????????????????????? ????????????????##" | | ?????????????????????? ????????????????#"" | | ????????????????????? #????????????????#""" | | ????????????????????? ????????????????#""" | | ????????????????????? ????????????????#""" | | ??????????????????????????????????????#"" | | ??????????????????????????????????????#""" | | ??????????????????????????????????????#"" | | ??????????????????????????????????????##"" | | ???????????????????????????????????????#"""" | | ????????????????????????????????????????# | | ????????????????????????????????????????#" | | ????????????????????????????????????????#"""" | | ????????????????????????????????????????#"" | | ?????????????????????????????????????????" | | ?????????????????????????????????????????""" | +----------------------------------------------------+ Best States ------------- Heat Dissipation 50 Energy Generation 14 Energy Capacity 280 Matter Stores 300 Matter Capacity 300 Sight Range 16 Terrain Scan Density 10 Armor Coverage 225 Evasion (%) 40 Recoil Reduction 3 Salvage Targeting 1 Item Schematics ----------------- None Robot Schematics ------------------ None Fabricated ------------ Nothing Repaired ---------- Lgt. Treads | 2% | -10/Materials Alien Tech Used ----------------- None Achievements -------------- None Challenges ------------ None Game ------ Seed MachineServoExpander Manual? 0 Play Time 00:30:57 Cumulative 174.7 hours Start 2025.08.13 @ 15:24:45 End 2025.08.13 @ 17:33:46 Sessions 4 Manual Loads 0 Difficulty Rogue Special Mode None Game No. 87 Rogue 87 Adventurer 0 Explorer 0 Win Type - Total 19 Types 9/1/5/1/0/1/1/1/0/0 Lore% 65 Gallery% 61 Achievement% 70 Wizard Run 0 Options --------- Layout 1 ASCII 0 Keyboard 0 Movement Arrows Keybinds 0 Fullscreen 2 Font 24/Tamsyn Map View 50x35 Zoom Use 0% Tactical HUD 1 Map Filters NONE Filters NONE Steam 1 RUN: f291da85-a78a-4c3f-a5de-43669adde12d